 Dungeon Crawl Stone Soup version 0.30-a0-930-gb9d0489357 (webtiles) character file.

Game seed: 10712789174103514653

953 mopl the Sneak (level 8, 0/36 HPs)
             Began as a Vine Stalker Enchanter on Mar 23, 2023.
             Slain by a kobold brigand
             ... wielding a +0 dagger
              (5 damage)
             ... on level 6 of the Dungeon.
             The game lasted 00:05:25 (4523 turns).

mopl the Sneak (Vine Stalker Enchanter)             Turns: 4523, Time: 00:05:26

Health: 0/36       AC: -4    Str: 11    XL:     8   Next: 14%
Magic:  0/16       EV: 12    Int: 17    God:
Gold:   291        SH:  0    Dex: 15    Spells: 5/16 levels left

rFire   . . .      SeeInvis .    a - +1 dagger
rCold   . . .      Faith    .    (no shield)
rNeg    . . .      Spirit   +    t - +0 robe
rPois   .          Reflect  .    (no helmet)
rElec   .          Rampage  .    q - +0 cloak
rCorr   .                        (no gloves)
Will    +....                    s - +0 pair of boots
Stlth   +++                      (no amulet)
HPRegen 1.06/turn                (no ring)
MPRegen 0.15/turn                (no ring)

@: corroded
A: fangs 3, regeneration 1, magic shield, antimagic bite, no potion heal 2
a: no special abilities


You were on level 6 of the Dungeon.
You visited 1 branch of the dungeon, and saw 6 of its levels.

You collected 291 gold pieces.

Inventory:

Hand Weapons
 a - a +1 dagger (weapon)
 b - a +2 long sword of venom
 C - a +2 hand axe of flaming
Missiles
 p - 9 poisoned darts
 y - a boomerang
 B - a silver boomerang
Armour
 q - a +0 cloak (worn)
 s - a +0 pair of boots (worn)
 t - a +0 robe (worn)
Jewellery
 d - the ring "Damnable Contraption" {Fire rElec Int-4 Dex+4 Stlth+}
   (You found it on level 5 of the Dungeon)

   [ring of fire]

   It enhances your fire magic.
   Int:       It affects your intelligence (-4).
   Dex:       It affects your dexterity (+4).
   rF:        It protects you from fire.
   rC:        It makes you vulnerable to cold.
   rElec:     It insulates you from electricity.
   Stlth:     It makes you more stealthy.
Scrolls
 f - 2 scrolls of enchant weapon {unknown}
 h - a scroll of noise {unknown}
 i - 3 scrolls of teleportation {unknown}
 j - 2 scrolls of poison {unknown}
 m - a scroll of torment {unknown}
 o - 2 scrolls of amnesia {unknown}
 u - a scroll of vulnerability {unknown}
 v - a scroll of blinking {unknown}
 x - a scroll of immolation {unknown}
 z - a scroll of fear {unknown}
 A - a scroll of silence {unknown}
 D - a scroll of identify
Potions
 c - 2 potions of invisibility
 e - a potion of flight
 g - 2 potions of heal wounds
 k - 2 potions of haste
 l - 4 potions of curing {unknown}
 n - a potion of resistance
 r - 2 potions of brilliance
 w - a potion of mutation {!q}


   Skills:
 + Level 4.0 Short Blades
 - Level 1.5 Dodging
 + Level 7.0 Stealth
 + Level 4.9 Spellcasting
 + Level 5.4 Hexes


You had 5 spell levels left.
You knew the following spells:

 Your Spells              Type           Power      Damage    Failure   Level
a - Dazzling Flash        Conj/Hex       26%        N/A       14%         3
b - Ensorcelled Hibernat  Hex/Ice        26%        N/A       7%          2
c - Confusing Touch       Hex            22%        N/A       4%          3
d - Tukima's Dance        Hex            22%        N/A       4%          3

Your spell library contained the following spells:

 Spells                   Type           Power      Damage    Failure   Level
 Sting                    Tmut/Pois      16%        1d3       14%         1
 Poisonous Vapours        Pois/Air       8%         N/A       22%         2
 Olgreb's Toxic Radiance  Pois           4%         N/A       82%         4
 Fireball                 Conj/Fire      2%         3d4       99%         5
 Iskenderun's Battlesphe  Conj           4%         2d6       99%         5
 Conjure Ball Lightning   Conj/Air       2%         3x3d6     100%        6
 Orb of Destruction       Conj           2%         9d5       100%        7


Dungeon Overview and Level Annotations

Branches:
Dungeon (6/15)
 Temple: D:4-7

Altars:
Ashenzari

Shops:
D:5 (


Innate Abilities, Weirdness & Mutations

You have razor-sharp teeth.
Your natural rate of healing is unusually fast.
When hurt, damage is shared between your health and your magic reserves.
Your bite disrupts and absorbs the magic of your enemies.
Potions cannot restore your health.


Message History

You are too injured to fight recklessly!
You are too injured to fight recklessly!
You are too injured to fight recklessly!
You are too injured to fight recklessly!
You are too injured to fight recklessly!
You are too injured to fight recklessly!
Items here: ( ))) [ †.
Casting: Ensorcelled Hibernation (safe; 7% risk of failure)
Confirm with . or Enter, or press ? or * to list all spells.
Aiming: Ensorcelled Hibernation (safe; 7% risk of failure)
Press: ? - help, Shift-Dir - straight line, f - jelly
Aim: a jelly (heavily wounded, chance to affect: 55%)
The jelly looks drowsy...
A sky beast comes into view.
The helpless jelly fails to defend itself.
You skewer the jelly like a kebab!!!
You kill the jelly!
Your Stealth skill increases to level 7!
The kobold brigand misses you.
You closely miss the kobold brigand.
The kobold brigand hits you with a +0 dagger.
You closely miss the kobold brigand. Your bite misses the kobold brigand.
You hit the kobold brigand but do no damage.
Your bite misses the kobold brigand.
The kobold brigand hits you with a +0 dagger.
You hit the kobold brigand but do no damage.
You bite the kobold brigand, but do no damage.
The kobold brigand hits you with a +0 dagger!
You closely miss the kobold brigand.
The kobold brigand hits you with a +0 dagger.
* * * LOW HITPOINT WARNING * * *
You hit the kobold brigand but do no damage.
Your punch misses the kobold brigand.
The kobold brigand hits you with a +0 dagger.
* * * LOW HITPOINT WARNING * * *
You hit the kobold brigand but do no damage.
You hit the kobold brigand but do no damage.
You bite the kobold brigand, but do no damage.
The kobold brigand hits you with a +0 dagger.
You die...

..# #.# # #.# #o######.##
...#....# #.#.#..#
...##......#
.......>..)##############
..........KKK@.........<#
...####..################
.. #..# . #..# #..# #..#
#..# #..


You could see a kobold brigand and 2 kobolds.

Vanquished Creatures
  Sigmund (D:3)
  An ogre (D:4)
  A bullfrog (D:5)
  2 scorpions (D:4)
  An orc priest (D:4)
  A hound (D:5)
  3 jellies
  3 sleepcaps
  4 iguanas
  An orc wizard (D:4)
  4 adders
  3 gnolls (D:4)
  A white imp (D:5)
  2 ufetubi
  2 worms
  2 dart slugs
  21 orcs
  2 endoplasms
  2 giant cockroaches
  4 goblins
  5 hobgoblins
  6 jackals
  2 quokkas
  8 ball pythons
  2 bats (D:1)
  A frilled lizard (D:1)
  6 kobolds
  10 rats
101 creatures vanquished.

Notes
Turn   | Place    | Note
-------+----------+-------------------------------------------
     0 | D:1      | mopl the Vine Stalker Enchanter began the quest for the
                  | Orb.
     0 | D:1      | Reached XP level 1. HP: 9/9 MP: 4/4
    51 | D:1      | Reached skill level 1 in Short Blades
   266 | D:1      | Reached XP level 2. HP: 13/13 MP: 6/6
   283 | D:1      | Learned a level 2 spell: Ensorcelled Hibernation
   872 | D:2      | Reached skill level 4 in Stealth
  1166 | D:2      | Reached XP level 3. HP: 12/16 MP: 3/7
  1179 | D:2      | Learned a level 3 spell: Confusing Touch
  1777 | D:3      | Gained mutation: Your natural rate of healing is unusually
                  | fast. [Vine Stalker growth]
  1777 | D:3      | Reached XP level 4. HP: 10/21 MP: 6/9
  2039 | D:3      | Noticed Sigmund
  2052 | D:3      | Killed Sigmund
  2053 | D:3      | Reached skill level 2 in Short Blades
  2053 | D:3      | Reached skill level 5 in Stealth
  2053 | D:3      | Reached skill level 3 in Spellcasting
  2053 | D:3      | Reached skill level 4 in Hexes
  2053 | D:3      | Reached XP level 5. HP: 5/24 MP: 2/11
  2142 | D:3      | Learned a level 3 spell: Tukima's Dance
  2146 | D:3      | Learned a level 3 spell: Dazzling Flash
  2282 | D:3      | Reached XP level 6. HP: 28/28 MP: 12/12
  2814 | D:4      | Reached skill level 3 in Short Blades
  2944 | D:4      | Reached skill level 4 in Spellcasting
  3049 | D:4      | Reached XP level 7. HP: 32/32 MP: 9/14
  3072 | D:4      | Reached skill level 6 in Stealth
  3815 | D:5      | Entered Level 5 of the Dungeon
  3846 | D:5      | Reached skill level 5 in Hexes
  3966 | D:5      | Found a broken altar of Ashenzari.
  4108 | D:5      | Found Atum's Weapon Shop.
  4247 | D:5      | Identified the ring "Damnable Contraption" {Fire rElec
                  | Int-4 Dex+4 Stlth+}
  4393 | D:5      | Gained mutation: You have razor-sharp teeth. [Vine Stalker
                  | growth]
  4393 | D:5      | Reached XP level 8. HP: 36/36 MP: 16/16
  4468 | D:6      | Reached skill level 4 in Short Blades
  4514 | D:6      | Reached skill level 7 in Stealth
  4523 | D:6      | Slain by a kobold brigand

Illustrated notes

Levels and vault maps discovered:
D:1:      psy_arrival_conway, layout_basic
D:2:      layout_basic, minivault_23
D:3:      layout_loops_corners, uniq_sigmund
D:4:      layout_layer_cave
D:5:      layout_loops_ring, overflow_temple_1_default, serial_shops,
          nicolae_diamond_shop
D:6:      layout_basic, minmay_temple_entry_from_below_a

Skill      XL: |  1  2  3  4  5  6  7  8 |
---------------+-------------------------+-----
Short Blades   | 1 2 3 4 |  4.0
Stealth        | 4 5 6 7 |  7.0
Spellcasting   | 3 4 |  4.9
Hexes          | 4 5 |  5.4
Dodging        | |  1.5

Action                     |  1- 3 |  4- 6 |  7- 9 || total
---------------------------+-------+-------+-------++-------
  Melee: Dagger            |    86 |    79 |   162 ||   327
         Bite              |    18 |    24 |    60 ||   102
         Punch             |     2 |     1 |     2 ||     5
         Long sword        |       |     5 |       ||     5
   Cast: Ensorcelled Hiber |     2 |     3 |    11 ||    16
         Confusing Touch   |       |       |     2 ||     2
    Use: Scroll            |       |       |     6 ||     6
   Stab: Sleeping          |    11 |     8 |    11 ||    30
         Confused          |       |       |     3 ||     3
 Armour: Robe              |    29 |    12 |    30 ||    71
  Dodge: Dodged            |    61 |    48 |    80 ||   189

Table legend: (Time is in decaauts)
 A = Elapsed time spent in this place.
 B = Non-inter-level travel time spent in this place.
 C = Inter-level travel time spent in this place.
 D = Time resting spent in this place.
 E = Time spent auto-exploring this place.
 F = Levels seen in this place.
 G = Mean time per level.
                   A        B        C        D        E       F      G
               +--------+--------+--------+--------+--------+-----+--------+
         Total |   4483 |   4341 |    142 |    135 |   3431 |   6 |  747.2 |
       Dungeon |   4483 |   4341 |    142 |    135 |   3431 |   6 |  747.2 |
               +--------+--------+--------+--------+--------+-----+--------+

Top non-repeatable levels by time:
     D:4: 1272 daAuts
     D:3: 895 daAuts
     D:1: 841 daAuts
     D:2: 782 daAuts
     D:5: 628 daAuts
     D:6: 63 daAuts
